[Event "GambitGuide"]
[Site "Internet Chess Club"]
[Date "2014.10.30"]
[Round "1"]
[White "JSBach"]
[Black "why"]
[Result "1-0"]
[ICCResult "Black resigns"]
[WhiteElo "1674"]
[BlackElo "1400"]
[Opening "Vienna: `Frankenstein-Dracula' variation"]
[ECO "C27"]
[NIC "VG.02"]
[Time "13:28:01"]
[TimeControl "120+12"]

1. e4 e5 2. Nc3 Nf6 3. Bc4 Nxe4 4. Qh5 Nd6 5. Bb3 Nc6 6. Nb5 g6 7. Qf3 f5 8.
Qd5 Qe7 9. Nxc7+ Kd8 10. Nxa8 b6 11. Ba4 Bb7 12. Nxb6 axb6 13. Qb3 Kc7 14.
Ne2 Bg7 15. a3 Qe6 16. Qxe6 dxe6 17. Ng3 f4 18. Ne2 g5 19. O-O e4 20. Re1 e5
21. Nc3 Nd4 22. Ne2 b5 23. Nxd4 exd4 24. Bb3 h5 25. a4 b4 26. a5 Bc6 27. a6
Nb5 28. Ra4 Bf8 29. h3 Bc5 30. Ra1 Rd8 31. Bf7 Rh8 32. Bg6 g4 33. Bxe4 gxh3
34. Bxc6 Kxc6 35. gxh3 f3 36. Re5 Rg8+ 37. Kf1 h4 38. Rf5 Rg2 39. Rxf3 Rh2
40. Kg1 Rxh3 41. Rxh3 {Black resigns} 1-0

[Event "GambitGuide"]
[Site "Internet Chess Club"]
[Date "2014.10.30"]
[Round "1"]
[White "JSBach"]
[Black "Lyon"]
[Result "1-0"]
[ICCResult "Black resigns"]
[WhiteElo "1687"]
[BlackElo "1400"]
[Opening "Vienna: `Frankenstein-Dracula' variation"]
[ECO "C27"]
[NIC "VG.02"]
[Time "13:33:41"]
[TimeControl "120+12"]

1. e4 e5 2. Nc3 Nf6 3. Bc4 Nxe4 4. Qh5 Nd6 5. Bb3 Nc6 6. Nb5 g6 7. Qf3 f5 8.
Qd5 Qe7 9. Nxc7+ Kd8 10. Nxa8 b6 11. Ba4 Nd4 12. f4 e4 13. Qxd4 {Black
resigns} 1-0

[Event "GambitGuide"]
[Site "Internet Chess Club"]
[Date "2014.10.30"]
[Round "1"]
[White "JSBach"]
[Black "meangene"]
[Result "1-0"]
[ICCResult "Black resigns"]
[WhiteElo "1633"]
[BlackElo "1414"]
[Opening "Vienna: `Frankenstein-Dracula' variation"]
[ECO "C27"]
[NIC "VG.02"]
[Time "14:00:13"]
[TimeControl "120+12"]

1. e4 e5 2. Nc3 Nf6 3. Bc4 Nxe4 4. Qh5 Nd6 5. Bb3 Nc6 6. Nb5 g6 7. Qf3 f5 8.
Qd5 Qe7 9. Nxc7+ Kd8 10. Nxa8 b6 11. Ba4 Bg7 12. Bxc6 dxc6 13. Qb3 Bb7 14.
Nxb6 axb6 15. Qxb6+ Qc7 16. Qxc7+ Kxc7 17. d3 Nb5 18. f3 Nd4 19. Kd1 c5 20.
a4 Bd5 21. a5 Ra8 22. Bg5 h6 23. Be7 Nc6 24. Bxc5 e4 25. Bb6+ Kb7 26. fxe4
fxe4 27. c4 Be6 28. dxe4 Bg4+ 29. Kc2 Nb4+ 30. Kb3 Nd3 31. Rb1 Nf2 32. Bxf2
Rxa5 33. Nf3 Bxf3 34. gxf3 Kc6 35. Ra1 Rh5 36. Ra6+ Kb7 37. Ra7+ Kc6 38.
Rxg7 {Black resigns} 1-0

[Event "GambitGuide"]
[Site "Internet Chess Club"]
[Date "2014.10.30"]
[Round "1"]
[White "JSBach"]
[Black "Atwode"]
[Result "1-0"]
[ICCResult "Black resigns"]
[WhiteElo "1633"]
[BlackElo "1561"]
[Opening "Vienna: `Frankenstein-Dracula' variation"]
[ECO "C27"]
[NIC "VG.02"]
[Time "14:02:54"]
[TimeControl "120+12"]

1. e4 e5 2. Nc3 Nf6 3. Bc4 Nxe4 4. Qh5 Nd6 5. Bb3 Nc6 6. Nb5 g6 7. Qf3 f5 8.
Qd5 Qe7 9. Nxc7+ Kd8 10. Nxa8 b6 11. Ba4 {Black resigns} 1-0

[Event "GambitGuide"]
[Site "Internet Chess Club"]
[Date "2014.10.30"]
[Round "1"]
[White "JSBach"]
[Black "paladin896"]
[Result "1-0"]
[ICCResult "Black resigns"]
[WhiteElo "1628"]
[BlackElo "1524"]
[Opening "Vienna: `Frankenstein-Dracula' variation"]
[ECO "C27"]
[NIC "VG.02"]
[Time "14:01:05"]
[TimeControl "120+12"]

1. e4 e5 2. Nc3 Nf6 3. Bc4 Nxe4 4. Qh5 Nd6 5. Bb3 Nc6 6. Nb5 g6 7. Qf3 f5 8.
Qd5 Qe7 9. Nxc7+ Kd8 10. Nxa8 b6 11. Ba4 Bb7 12. Nxb6 axb6 13. Qb3 Nc8 14.
Ne2 Bg7 15. Qd3 e4 16. Qd5 Qe6 17. Qxe6 dxe6 18. Nf4 Ke7 19. Bb3 Nd4 20. Ba4
b5 21. Bb3 Be5 22. Ne2 Nxb3 23. axb3 Nd6 24. Rg1 Rc8 25. Kd1 Rc7 26. h4 Bd5
27. Ra6 Bb7 28. Ra5 h6 29. Nc3 Bc6 30. b4 Nc4 31. Nxb5 Bxb5 32. Rxb5 Nxb2+
33. Bxb2 Bxb2 34. Rc5 Ra7 35. Ra5 Rd7 36. Ke2 g5 37. hxg5 hxg5 38. b5 Bd4
39. Rh1 Kf6 40. Rh6+ Ke5 41. b6+ Kf4 42. g3+ Kg4 43. Rxe6 Rb7 44. Ra6 Bc5
45. c3 f4 46. Rc6 f3+ 47. Ke1 Bf8 48. Rc7 Rb8 49. c4 Bd6 50. Rh7 Bc5 51. b7
Kf5 52. Ra8 Kg6 53. Rd7 Bd6 54. Rxd6+ Kf5 55. Rxb8 {Black resigns} 1-0

[Event "GambitGuide"]
[Site "Internet Chess Club"]
[Date "2014.10.30"]
[Round "1"]
[White "JSBach"]
[Black "Koval"]
[Result "1-0"]
[ICCResult "Black resigns"]
[WhiteElo "1628"]
[BlackElo "1991"]
[Opening "Vienna: `Frankenstein-Dracula' variation"]
[ECO "C27"]
[NIC "VG.02"]
[Time "14:09:02"]
[TimeControl "120+12"]

1. e4 e5 2. Nc3 Nf6 3. Bc4 Nxe4 4. Qh5 Nd6 5. Bb3 Nc6 6. Nb5 g6 7. Qf3 f5 8.
Qd5 Qe7 9. Nxc7+ Kd8 10. Nxa8 b6 11. Ba4 Bb7 12. Nxb6 axb6 13. Qb3 Nd4 14.
Qxb6+ Ke8 15. Kf1 Kf7 16. c3 Ne6 17. Ne2 Bg7 18. Bb3 Rb8 19. Bd5 e4 20. Nd4
Bxd4 21. cxd4 Bxd5 22. Qxb8 Bc4+ 23. Ke1 Nxd4 24. Rb1 Bd3 25. Qh8 Bxb1 26.
Qxd4 Bd3 27. a4 Qe6 28. Qh8 Qb3 29. Qxh7+ Kf8 30. Qxg6 Qc2 31. Qxd6+ Ke8 32.
Qe5+ Kd8 33. Qh8+ Kc7 34. Qc3+ {Black resigns} 1-0

[Event "GambitGuide"]
[Site "Internet Chess Club"]
[Date "2014.10.30"]
[Round "1"]
[White "JSBach"]
[Black "Shafkat"]
[Result "1-0"]
[ICCResult "Black resigns"]
[WhiteElo "1628"]
[BlackElo "1472"]
[Opening "Vienna: `Frankenstein-Dracula' variation"]
[ECO "C27"]
[NIC "VG.02"]
[Time "14:09:29"]
[TimeControl "120+12"]

1. e4 e5 2. Nc3 Nf6 3. Bc4 Nxe4 4. Qh5 Nd6 5. Bb3 Nc6 6. Nb5 g6 7. Qf3 f5 8.
Qd5 Qe7 9. Nxc7+ Kd8 10. Nxa8 b6 11. Ba4 Bb7 12. Nxb6 axb6 13. Qb3 Bg7 14.
Qxb6+ Ke8 15. Ne2 Bc8 16. Bxc6 dxc6 17. Qxc6+ Bd7 18. Qd5 h5 19. a4 h4 20.
a5 h3 21. gxh3 Rxh3 22. Qg8+ Bf8 23. Qxg6+ Nf7 24. a6 Bc6 25. Qxc6+
{Black resigns}
1-0

[Event "GambitGuide"]
[Site "Internet Chess Club"]
[Date "2014.10.30"]
[Round "1"]
[White "JSBach"]
[Black "paladin896"]
[Result "1-0"]
[ICCResult "Black checkmated"]
[WhiteElo "1628"]
[BlackElo "1524"]
[Opening "Vienna: `Frankenstein-Dracula' variation"]
[ECO "C27"]
[NIC "VG.02"]
[Time "14:07:26"]
[TimeControl "120+12"]

1. e4 e5 2. Nc3 Nf6 3. Bc4 Nxe4 4. Qh5 Nd6 5. Bb3 Nc6 6. Nb5 g6 7. Qf3 f5 8.
Qd5 Qe7 9. Nxc7+ Kd8 10. Nxa8 b6 11. Ba4 Bb7 12. Nxb6 axb6 13. Qb3 b5 14.
Nf3 bxa4 15. Qxa4 Bg7 16. O-O Kc7 17. Re1 Ra8 18. Qb3 Na5 19. Qa3 Nac4 20.
Qc5+ Kd8 21. d3 Ra5 22. Qb4 Rb5 23. Qc3 e4 24. Nd4 Nb6 25. Bf4 Rd5 26. Be3
Nb5 27. Nxf5 Bxc3 28. Bxb6+ Ke8 29. Nxe7 Kxe7 30. bxc3 Nxc3 31. a4 Rd6 32.
Bc5 Ke6 33. Bxd6 Kxd6 34. Ra3 Nd5 35. dxe4 Nb4 36. Rd1+ Kc7 37. Rb3 Nc6 38.
Rxb7+ Kxb7 39. Rxd7+ Kb6 40. Rxh7 Ka5 41. Rc7 Nd4 42. c3 Ne6 43. Rc6 Nf4 44.
g3 Nd3 45. Rxg6 Kxa4 46. Rd6 Nc5 47. e5 Kb3 48. e6 Kxc3 49. e7 Ne4 50. Rc6+
Kd4 51. e8=Q Nd6 52. Qe3+ Kd5 53. Rc5# {Black checkmated} 1-0

[Event "GambitGuide"]
[Site "Internet Chess Club"]
[Date "2014.10.30"]
[Round "1"]
[White "JSBach"]
[Black "Koval"]
[Result "1-0"]
[ICCResult "Black resigns"]
[WhiteElo "1628"]
[BlackElo "1991"]
[Opening "Vienna: `Frankenstein-Dracula' variation"]
[ECO "C27"]
[NIC "VG.02"]
[Time "14:10:56"]
[TimeControl "120+12"]

1. e4 e5 2. Nc3 Nf6 3. Bc4 Nxe4 4. Qh5 Nd6 5. Bb3 Nc6 6. Nb5 g6 7. Qf3 f5 8.
Qd5 Qe7 9. Nxc7+ Kd8 10. Nxa8 b6 11. Ba4 Bb7 12. Nxb6 axb6 13. Qb3 Kc7 14.
Ne2 Bg7 15. O-O e4 16. Re1 Ra8 17. d3 exd3 18. cxd3 Nd4 19. Qc3+ Bc6 20.
Nxd4 Bxd4 21. Qxc6+ dxc6 22. Rxe7+ {Black resigns} 1-0

[Event "GambitGuide"]
[Site "Internet Chess Club"]
[Date "2014.10.30"]
[Round "1"]
[White "JSBach"]
[Black "Shafkat"]
[Result "1-0"]
[ICCResult "Black resigns"]
[WhiteElo "1628"]
[BlackElo "1472"]
[Opening "Vienna: `Frankenstein-Dracula' variation"]
[ECO "C27"]
[NIC "VG.02"]
[Time "14:10:55"]
[TimeControl "120+12"]

1. e4 e5 2. Nc3 Nf6 3. Bc4 Nxe4 4. Qh5 Nd6 5. Bb3 Nc6 6. Nb5 g6 7. Qf3 f5 8.
Qd5 Qe7 9. Nxc7+ Kd8 10. Nxa8 b6 11. Ba4 Nb4 12. Qb3 Nc6 13. Nxb6 axb6 14.
Qxb6+ Ke8 15. Bxc6 dxc6 16. Qxc6+ Bd7 17. Qd5 {Black resigns} 1-0

[Event "GambitGuide"]
[Site "Internet Chess Club"]
[Date "2014.10.30"]
[Round "1"]
[White "JSBach"]
[Black "Koval"]
[Result "1-0"]
[ICCResult "Black resigns"]
[WhiteElo "1628"]
[BlackElo "1991"]
[Opening "Vienna: `Frankenstein-Dracula' variation"]
[ECO "C27"]
[NIC "VG.02"]
[Time "14:12:07"]
[TimeControl "120+12"]

1. e4 e5 2. Nc3 Nf6 3. Bc4 Nxe4 4. Qh5 Nd6 5. Bb3 Nc6 6. Nb5 g6 7. Qf3 f5 8.
Qd5 Qe7 9. Nxc7+ Kd8 10. Nxa8 b6 11. Ba4 Bb7 12. Nxb6 axb6 13. Qb3 Kc7 14.
Ne2 Bg7 15. O-O Rb8 16. Re1 Ba6 17. Nf4 Qe8 18. Nd5+ Kc8 19. Nxb6+ Kc7 20.
Nd5+ Kc8 21. Qa3 Nc4 22. Qc3 Qf7 23. Bxc6 dxc6 24. Nb4 Bb5 25. d3 e4 26. Qb3
Nd6 27. Qxf7 Nxf7 28. dxe4 fxe4 29. Rxe4 {Black resigns} 1-0

[Event "GambitGuide"]
[Site "Internet Chess Club"]
[Date "2014.10.30"]
[Round "1"]
[White "JSBach"]
[Black "moonpro"]
[Result "1-0"]
[ICCResult "Black resigns"]
[WhiteElo "1628"]
[BlackElo "1811"]
[Opening "Vienna: `Frankenstein-Dracula' variation"]
[ECO "C27"]
[NIC "VG.02"]
[Time "14:11:23"]
[TimeControl "120+12"]

1. e4 e5 2. Nc3 Nf6 3. Bc4 Nxe4 4. Qh5 Nd6 5. Bb3 Nc6 6. Nb5 g6 7. Qf3 f5 8.
Qd5 Qe7 9. Nxc7+ Kd8 10. Nxa8 b6 11. Ba4 Bb7 12. Nxb6 axb6 13. Qb3 Nd4 14.
Qxb6+ Ke8 15. Kf1 Bg7 16. c3 Ne6 17. d3 {Black resigns} 1-0

[Event "GambitGuide"]
[Site "Internet Chess Club"]
[Date "2014.10.30"]
[Round "1"]
[White "JSBach"]
[Black "Archilleus"]
[Result "1-0"]
[ICCResult "Black resigns"]
[WhiteElo "1628"]
[BlackElo "1348"]
[Opening "Vienna: `Frankenstein-Dracula' variation"]
[ECO "C27"]
[NIC "VG.02"]
[Time "14:14:01"]
[TimeControl "120+12"]

1. e4 e5 2. Nc3 Nf6 3. Bc4 Nxe4 4. Qh5 Nd6 5. Bb3 Nc6 6. Nb5 g6 7. Qf3 f5 8.
Qd5 Qe7 9. Nxc7+ Kd8 10. Nxa8 b6 11. Ba4 Bb7 12. Nxb6 axb6 13. Qb3 Bg7 14.
Qxb6+ Ke8 15. Qc7 Kf7 16. Bb3+ Kf6 17. Bd5 e4 18. b4 Qe5 19. Bb2 Nd4 20.
Bxd4 Qxd4 21. Qxd6+ Kg5 22. Nh3+ Kh5 23. c3 Qd3 24. Nf4+ {Black resigns} 1-0

[Event "GambitGuide"]
[Site "Internet Chess Club"]
[Date "2014.10.30"]
[Round "1"]
[White "JSBach"]
[Black "Archilleus"]
[Result "1-0"]
[ICCResult "Black resigns"]
[WhiteElo "1628"]
[BlackElo "1348"]
[Opening "Vienna: `Frankenstein-Dracula' variation"]
[ECO "C27"]
[NIC "VG.02"]
[Time "14:15:57"]
[TimeControl "120+12"]

1. e4 e5 2. Nc3 Nf6 3. Bc4 Nxe4 4. Qh5 Nd6 5. Bb3 Nc6 6. Nb5 g6 7. Qf3 f5 8.
Qd5 Qe7 9. Nxc7+ Kd8 10. Nxa8 b6 11. Ba4 Bb7 12. Nxb6 axb6 13. Qb3 Bg7 14.
Qxb6+ {Black resigns} 1-0

[Event "GambitGuide"]
[Site "Internet Chess Club"]
[Date "2014.10.30"]
[Round "1"]
[White "JSBach"]
[Black "crazymama"]
[Result "1-0"]
[ICCResult "Black resigns"]
[WhiteElo "1628"]
[BlackElo "1191"]
[Opening "Vienna: `Frankenstein-Dracula' variation"]
[ECO "C27"]
[NIC "VG.02"]
[Time "14:15:24"]
[TimeControl "120+12"]

1. e4 e5 2. Nc3 Nf6 3. Bc4 Nxe4 4. Qh5 Nd6 5. Bb3 Nc6 6. Nb5 g6 7. Qf3 f5 8.
Qd5 Qe7 9. Nxc7+ Kd8 10. Nxa8 b6 11. Ba4 Bb7 12. Nxb6 axb6 13. Qb3 Nd4 14.
Qxb6+ Ke8 15. Kf1 Bg7 16. c3 Ne6 17. d3 Kf7 18. Rb1 Rc8 19. Bb3 e4 20. Bf4
exd3 21. Bxd6 {Black resigns} 1-0

[Event "GambitGuide"]
[Site "Internet Chess Club"]
[Date "2014.10.30"]
[Round "1"]
[White "JSBach"]
[Black "Archilleus"]
[Result "1-0"]
[ICCResult "Black resigns"]
[WhiteElo "1628"]
[BlackElo "1348"]
[Opening "Vienna: `Frankenstein-Dracula' variation"]
[ECO "C27"]
[NIC "VG.02"]
[Time "14:16:57"]
[TimeControl "120+12"]

1. e4 e5 2. Nc3 Nf6 3. Bc4 Nxe4 4. Qh5 Nd6 5. Bb3 Nc6 6. Nb5 g6 7. Qf3 f5 8.
Qd5 Qe7 9. Nxc7+ Kd8 10. Nxa8 b6 11. Ba4 Bb7 12. Nxb6 axb6 13. Qb3 Kc7 14.
Ne2 Bg7 15. O-O e4 16. Re1 Be5 17. d3 Qh4 18. Ng3 Rc8 19. Qd5 Na5 20. Qxe5
{Black resigns}
1-0

[Event "GambitGuide"]
[Site "Internet Chess Club"]
[Date "2014.10.30"]
[Round "1"]
[White "JSBach"]
[Black "nightplayer"]
[Result "1-0"]
[ICCResult "Black checkmated"]
[WhiteElo "1628"]
[BlackElo "1436"]
[Opening "Vienna: `Frankenstein-Dracula' variation"]
[ECO "C27"]
[NIC "VG.02"]
[Time "14:19:05"]
[TimeControl "120+12"]

1. e4 e5 2. Nc3 Nf6 3. Bc4 Nxe4 4. Qh5 Nd6 5. Bb3 Nc6 6. Nb5 g6 7. Qf3 f5 8.
Qd5 Qe7 9. Nxc7+ Kd8 10. Nxa8 b6 11. Ba4 Bb7 12. Nxb6 axb6 13. Qb3 Nc8 14.
Ne2 Qc5 15. Qf7 N6e7 16. Qf6 Bxg2 17. Qxh8 Bxh1 18. Qxf8+ Kc7 19. Qe8 Bc6
20. Bb3 d5 21. Qh8 d4 22. Qxh7 Bd5 23. Bxd5 Qxd5 24. Ng3 Nd6 25. Qxe7+ Kc6
26. a4 Nc4 27. Qe8+ Kc5 28. b3 Nd6 29. Ba3# {Black checkmated} 1-0

[Event "GambitGuide"]
[Site "Internet Chess Club"]
[Date "2014.10.30"]
[Round "1"]
[White "JSBach"]
[Black "crazymama"]
[Result "1-0"]
[ICCResult "Black resigns"]
[WhiteElo "1628"]
[BlackElo "1191"]
[Opening "Vienna: `Frankenstein-Dracula' variation"]
[ECO "C27"]
[NIC "VG.02"]
[Time "14:20:49"]
[TimeControl "120+12"]

1. e4 e5 2. Nc3 Nf6 3. Bc4 Nxe4 4. Qh5 Nd6 5. Bb3 Nc6 6. Nb5 g6 7. Qf3 f5 8.
Qd5 Qe7 9. Nxc7+ Kd8 10. Nxa8 b6 11. Ba4 Bb7 12. Nxb6 axb6 13. Qb3 Kc7 14.
Ne2 Bg7 15. Nc3 Ra8 16. Nd5+ {Black resigns} 1-0

[Event "GambitGuide"]
[Site "Internet Chess Club"]
[Date "2014.10.30"]
[Round "1"]
[White "JSBach"]
[Black "trashcollector"]
[Result "1-0"]
[ICCResult "Black forfeits on time"]
[WhiteElo "1628"]
[BlackElo "1909"]
[Opening "Vienna: `Frankenstein-Dracula' variation"]
[ECO "C27"]
[NIC "VG.02"]
[Time "14:17:43"]
[TimeControl "120+12"]

1. e4 e5 2. Nc3 Nf6 3. Bc4 Nxe4 4. Qh5 Nd6 5. Bb3 Nc6 6. Nb5 g6 7. Qf3 f5 8.
Qd5 Qe7 9. Nxc7+ Kd8 10. Nxa8 b6 11. Ba4 Bb7 12. Nxb6 axb6 13. Qb3 Kc7 14.
Ne2 Bg7 15. Nc3 Nd4 16. Nd5+ Bxd5 17. Qxd5 Ne4 18. d3 Nc5 19. Qc4 Kb7 20.
Be3 Ra8 21. Bb5 Ra5 22. Bxd4 exd4+ 23. Kf1 {Black forfeits on time} 1-0

[Event "GambitGuide"]
[Site "Internet Chess Club"]
[Date "2014.10.30"]
[Round "1"]
[White "JSBach"]
[Black "soniway"]
[Result "0-1"]
[ICCResult "White checkmated"]
[WhiteElo "1628"]
[BlackElo "1367"]
[Opening "Vienna: `Frankenstein-Dracula' variation"]
[ECO "C27"]
[NIC "VG.02"]
[Time "14:19:43"]
[TimeControl "120+12"]

1. e4 e5 2. Nc3 Nf6 3. Bc4 Nxe4 4. Qh5 Nd6 5. Bb3 Nc6 6. Nb5 g6 7. Qf3 f5 8.
Qd5 Qe7 9. Nxc7+ Kd8 10. Nxa8 b6 11. Ba4 Bb7 12. Nxb6 axb6 13. Qb3 Bg7 14.
Qxb6+ Ke8 15. d3 Ba8 16. Bb3 Rf8 17. Bd5 Rf6 18. Bg5 Kf8 19. Bxf6 Bxf6 20.
a4 Kg7 21. a5 Nc8 22. Qc7 e4 23. dxe4 Bxb2 24. Qxc8 Bxa1 25. Qxa8 Qb4+ 26.
Kd1 Qb1+ 27. Kd2 Qb4+ 28. Ke2 Nd4+ 29. Ke3 Qc3+ 30. Kf4 g5+ 31. Kxg5 Qd2+
32. Kh4 Qf4+ 33. Kh5 Qh6# {White checkmated} 0-1

[Event "GambitGuide"]
[Site "Internet Chess Club"]
[Date "2014.10.30"]
[Round "1"]
[White "JSBach"]
[Black "matrix212"]
[Result "1-0"]
[ICCResult "Black resigns"]
[WhiteElo "1628"]
[BlackElo "1285"]
[Opening "Vienna: `Frankenstein-Dracula' variation"]
[ECO "C27"]
[NIC "VG.02"]
[Time "14:20:32"]
[TimeControl "120+12"]

1. e4 e5 2. Nc3 Nf6 3. Bc4 Nxe4 4. Qh5 Nd6 5. Bb3 Nc6 6. Nb5 g6 7. Qf3 f5 8.
Qd5 Qe7 9. Nxc7+ Kd8 10. Nxa8 b6 11. Ba4 Bg7 12. Bxc6 dxc6 13. Qb3 Bb7 14.
Nxb6 axb6 15. Qxb6+ Kd7 16. f3 e4 17. f4 Ra8 18. a4 Ra6 19. Qb3 Qf6 20. Qg8
h5 21. Ne2 Qf7 22. Qxf7+ Nxf7 23. O-O c5 24. Ra3 Bd5 25. Kf2 Rb6 26. a5 Rb5
27. b3 c4 28. bxc4 Bxc4 29. a6 Rb8 30. Ra4 Bb5 31. Rb4 Kc6 32. c4 e3+ 33.
dxe3 Nd6 34. cxb5+ Nxb5 35. Nd4+ Kc5 36. Rxb5+ Rxb5 37. Nxb5 Kxb5 38. a7
{Black resigns}
1-0

[Event "GambitGuide"]
[Site "Internet Chess Club"]
[Date "2014.10.30"]
[Round "1"]
[White "JSBach"]
[Black "lepomis"]
[Result "1-0"]
[ICCResult "Black resigns"]
[WhiteElo "1628"]
[BlackElo "1299"]
[Opening "Vienna: `Frankenstein-Dracula' variation"]
[ECO "C27"]
[NIC "VG.02"]
[Time "14:19:24"]
[TimeControl "120+12"]

1. e4 e5 2. Nc3 Nf6 3. Bc4 Nxe4 4. Qh5 Nd6 5. Bb3 Nc6 6. Nb5 g6 7. Qf3 f5 8.
Qd5 Qe7 9. Nxc7+ Kd8 10. Nxa8 b6 11. Ba4 Bb7 12. Nxb6 axb6 13. Qb3 Kc7 14.
Ne2 Ne4 15. Qb5 Qc5 16. O-O Qxb5 17. Bxb5 Bc5 18. d3 Nf6 19. Bg5 Nd5 20. c4
Ndb4 21. Bf6 Re8 22. Nc1 Bd4 23. Rb1 Nc2 24. Nb3 N6b4 25. c5 bxc5 26. Rfc1
Re6 27. Bg5 Ba6 28. Bxa6 Rxa6 29. Nxd4 Nxd4 30. Rxc5+ Kd6 31. Rc4 Ndc6 32.
a3 Nxd3 33. Rc3 e4 34. b4 Nce5 35. h4 Ke6 36. b5 Rb6 37. Be3 Rb7 38. a4 f4
39. Bd4 Kf5 40. a5 d5 41. a6 Rb8 42. b6 Nd7 43. a7 Ra8 44. b7 Rxa7 45. Bxa7
{Black resigns}
1-0

[Event "GambitGuide"]
[Site "Internet Chess Club"]
[Date "2014.10.30"]
[Round "1"]
[White "JSBach"]
[Black "amazinggrace"]
[Result "1-0"]
[ICCResult "Black resigns"]
[WhiteElo "1628"]
[BlackElo "2480"]
[Opening "Vienna: `Frankenstein-Dracula' variation"]
[ECO "C27"]
[NIC "VG.02"]
[Time "14:23:13"]
[TimeControl "120+12"]

1. e4 e5 2. Nc3 Nf6 3. Bc4 Nxe4 4. Qh5 Nd6 5. Bb3 Nc6 6. Nb5 g6 7. Qf3 f5 8.
Qd5 Qe7 9. Nxc7+ Kd8 10. Nxa8 b6 11. Ba4 Bb7 12. Nxb6 axb6 13. Qb3 Kc7 14.
Ne2 Bh6 15. Nc3 Nd4 16. Nd5+ Bxd5 17. Qxd5 Ne4 18. d3 Bxc1 19. Rxc1 Nc5 20.
Bb3 Nxd3+ 21. cxd3+ {Black resigns} 1-0

[Event "GambitGuide"]
[Site "Internet Chess Club"]
[Date "2014.10.30"]
[Round "1"]
[White "JSBach"]
[Black "arv"]
[Result "1-0"]
[ICCResult "Black checkmated"]
[WhiteElo "1628"]
[BlackElo "1414"]
[Opening "Vienna: `Frankenstein-Dracula' variation"]
[ECO "C27"]
[NIC "VG.02"]
[Time "14:19:24"]
[TimeControl "120+12"]

1. e4 e5 2. Nc3 Nf6 3. Bc4 Nxe4 4. Qh5 Nd6 5. Bb3 Nc6 6. Nb5 g6 7. Qf3 f5 8.
Qd5 Qe7 9. Nxc7+ Kd8 10. Nxa8 b6 11. Ba4 Bb7 12. Nxb6 axb6 13. Qb3 Kc7 14.
Ne2 Bg7 15. O-O f4 16. Re1 Qg5 17. Nc3 Nd4 18. Nd5+ Bxd5 19. Qxd5 b5 20.
Qc5+ Nc6 21. Bxb5 Nxb5 22. Qxb5 d6 23. Qd5 Nd4 24. Qf7+ Kc6 25. Qxg7 f3 26.
g3 Rd8 27. d3 Qh5 28. Qa7 Qh3 29. Qa6+ Kd7 30. Qa4+ Ke6 31. Qc4+ Ke7 32.
Rxe5+ dxe5 33. Bg5+ Ke8 34. Qg8+ Kd7 35. Qxd8+ Kc6 36. Qa8+ Kc5 37. Qa7+ Kd5
38. Qb7+ Kc5 39. Be7# {Black checkmated} 1-0

[Event "GambitGuide"]
[Site "Internet Chess Club"]
[Date "2014.10.30"]
[Round "1"]
[White "JSBach"]
[Black "amazinggrace"]
[Result "1-0"]
[ICCResult "Black resigns"]
[WhiteElo "1628"]
[BlackElo "2480"]
[Opening "Vienna: `Frankenstein-Dracula' variation"]
[ECO "C27"]
[NIC "VG.02"]
[Time "14:24:35"]
[TimeControl "120+12"]

1. e4 e5 2. Nc3 Nf6 3. Bc4 Nxe4 4. Qh5 Nd6 5. Bb3 Nc6 6. Nb5 g6 7. Qf3 f5 8.
Qd5 Qe7 9. Nxc7+ Kd8 10. Nxa8 b6 11. Ba4 Bb7 12. Nxb6 axb6 13. Qb3 Kc7 14.
Ne2 Ne4 15. d3 Nc5 16. Qa3 e4 17. d4 Nxa4 18. Bf4+ Kc8 19. Qxa4 {Black
resigns} 1-0

[Event "GambitGuide"]
[Site "Internet Chess Club"]
[Date "2014.10.30"]
[Round "1"]
[White "JSBach"]
[Black "nightplayer"]
[Result "1-0"]
[ICCResult "Black checkmated"]
[WhiteElo "1628"]
[BlackElo "1436"]
[Opening "Vienna: `Frankenstein-Dracula' variation"]
[ECO "C27"]
[NIC "VG.02"]
[Time "14:21:20"]
[TimeControl "120+12"]

1. e4 e5 2. Nc3 Nf6 3. Bc4 Nxe4 4. Qh5 Nd6 5. Bb3 Nc6 6. Nb5 g6 7. Qf3 f5 8.
Qd5 Qe7 9. Nxc7+ Kd8 10. Nxa8 b6 11. Ba4 Bb7 12. Nxb6 axb6 13. Qb3 Nd4 14.
Qxb6+ Ke8 15. Kf1 Bg7 16. c3 Nc6 17. Bb3 Qd8 18. Qxd8+ Kxd8 19. Ne2 Ba6 20.
Ke1 Na5 21. Bd5 Bb7 22. Bxb7 Ndxb7 23. d4 e4 24. b4 Nc4 25. a4 Ke7 26. Nf4
Kd6 27. a5 Nd8 28. b5 Ne6 29. b6 Nxd4 30. cxd4 Bxd4 31. Ra2 Kc6 32. Ne2 Bc5
33. Bb2 Ra8 34. Bd4 Rxa5 35. Rc2 Kb5 36. b7 Bd6 37. Nc3+ Kb4 38. Ke2 Kb3 39.
Rhc1 Ra6 40. Nb5 Bb8 41. Rxc4 d5 42. Rc5 Ra2+ 43. Kf1 Ra4 44. Rb1+ Ka2 45.
Rb2+ Ka1 46. Rc1# {Black checkmated} 1-0

[Event "GambitGuide"]
[Site "Internet Chess Club"]
[Date "2014.10.30"]
[Round "1"]
[White "JSBach"]
[Black "JRussell2"]
[Result "1-0"]
[ICCResult "Black resigns"]
[WhiteElo "1628"]
[BlackElo "1244"]
[Opening "Vienna: `Frankenstein-Dracula' variation"]
[ECO "C27"]
[NIC "VG.02"]
[Time "14:22:51"]
[TimeControl "120+12"]

1. e4 e5 2. Nc3 Nf6 3. Bc4 Nxe4 4. Qh5 Nd6 5. Bb3 Nc6 6. Nb5 g6 7. Qf3 f5 8.
Qd5 Qe7 9. Nxc7+ Kd8 10. Nxa8 b6 11. Ba4 Bb7 12. Nxb6 axb6 13. Qb3 Bg7 14.
Qxb6+ Kc8 15. d3 Qd8 16. Be3 Qxb6 17. Bxb6 e4 18. Rd1 exd3 19. Rxd3 Ne4 20.
c3 Ba6 21. Rd1 Kb7 22. Rxd7+ Kxb6 23. Rxg7 Bc4 24. Bxc6 Kxc6 25. b3 Bb5 26.
c4 Ba6 27. a4 Nc3 28. Re7 Kd6 29. Ra7 Bc8 30. b4 Be6 31. Ne2 Bxc4 32. Nxc3
Re8+ 33. Kd2 Bd5 34. Nxd5 Kxd5 35. Rxh7 Kc4 36. b5 Ra8 37. Rc1+ Kb4 38. Rh4+
Ka5 39. Rd4 {Black resigns} 1-0

[Event "GambitGuide"]
[Site "Internet Chess Club"]
[Date "2014.10.30"]
[Round "1"]
[White "JSBach"]
[Black "marabu"]
[Result "1-0"]
[ICCResult "Black resigns"]
[WhiteElo "1628"]
[BlackElo "1939"]
[Opening "Vienna: `Frankenstein-Dracula' variation"]
[ECO "C27"]
[NIC "VG.02"]
[Time "14:28:12"]
[TimeControl "120+12"]

1. e4 e5 2. Nc3 Nf6 3. Bc4 Nxe4 4. Qh5 Nd6 5. Bb3 Nc6 6. Nb5 g6 7. Qf3 f5 8.
Qd5 Qe7 9. Nxc7+ Kd8 10. Nxa8 b6 11. Ba4 Bb7 12. Nxb6 axb6 13. Qb3 Kc7 14.
Ne2 Qe6 15. Qxe6 dxe6 16. d3 b5 17. Bb3 Kd7 18. Be3 Na5 19. Rg1 Nxb3 20.
axb3 Be7 21. f3 Ra8 22. Rxa8 Bxa8 23. Bc5 Kc6 24. b4 Nc8 25. Bxe7 Nxe7 26.
c4 bxc4 27. dxc4 Nc8 28. h4 Nd6 29. b3 e4 30. Nd4+ Kd7 31. Ke2 e5 32. Ra1
exd4 33. Rxa8 d3+ 34. Kd2 Ke6 35. b5 Ke5 36. Rh8 f4 37. fxe4 Kd4 38. Rd8 Kc5
39. Kxd3 {Black resigns} 1-0